 Dungeon Crawl Stone Soup version 0.16-a0-4092-gb8933cd (console) character file.

58 MarvinPA the Grave Robber (level 4, 0/35 HPs)
             Began as a Ghoul Necromancer on Feb 24, 2015.
             Slain by Grinder (4 damage)
             ... while paralysed by Grinder
             ... on level 3 of the Dungeon.
             The game lasted 00:07:24 (2613 turns).

MarvinPA the Grave Robber (Ghoul Necromancer)       Turns: 2613, Time: 00:07:24

Health: 0/35       AC:  2    Str: 12    XL:     4   Next: 1%
Magic:  14/14      EV:  2    Int: 10    God:
Gold:   47         SH:  0    Dex:  9    Spells: 2 memorised, 2 levels left

rFire  . . .     SeeInvis .       - Unarmed
rCold  + . .     Clarity  .     a - +0 robe
rNeg   + + +     SustAb   .     (no shield)
rPois  ∞         Gourm    .     (no helmet)
rElec  .         Spirit   .     (no cloak)
rCorr  .         Warding  .     (no gloves)
rMut   .         Stasis   .     (no boots)
MR     .....                    (no amulet)
Stlth  ++........               o - ring of invisibility
                                n - ring of magical power

@: paralysed, rotting, not resistant to hostile enchantments, unstealthy
A: rotting body, claws 1, carnivore 3, cold resistance 1, negative energy
resistance 3, poison resistance, slow healing 1, torment resistance, unbreathing
a: Evoke Invisibility


You were on level 3 of the Dungeon.
You were not hungry.

You visited 1 branch of the dungeon, and saw 3 of its levels.

You collected 47 gold pieces.


Innate Abilities, Weirdness & Mutations

Your body is rotting away.
You thrive on raw meat.
You have sharp fingernails.
You are carnivorous and can eat meat at any time.
Your flesh is cold resistant.
You are immune to negative energy.
Your system is resistant to poisons.
You heal slowly when monsters are visible.
You are immune to unholy pain and torment.
You can survive without breathing.


   Skills:
 + Level 1.0 Fighting
 - Level 1.7 Dodging
 - Level 2.1 Stealth
 + Level 3.5 Unarmed Combat
 - Level 1.7 Spellcasting
 - Level 4.0 Necromancy


You had 2 spell levels left.
You knew the following spells:

 Your Spells              Type           Power        Failure   Level  Hunger
x - Vampiric Draining     Necr           #.........   21%         3    ####...
z - Pain                  Necr           #...         10%         1    ##.....

Inventory:

Armour
 a - a +0 robe (worn)
Jewellery
 k - an amulet of faith {!P}
 n - a ring of magical power (left claw)
 o - a ring of invisibility (right claw)
Scrolls
 c - a scroll of blinking {unknown}
 e - 3 scrolls of magic mapping {unknown}
 j - a scroll of recharging {unknown}
 l - a scroll of identify {@r1}
 m - a scroll of enchant armour {unknown}
 p - 3 scrolls of fear {unknown}
 u - 3 scrolls of teleportation {unknown}
 v - a scroll of fog {unknown}
 w - a scroll of immolation {unknown}
 x - a scroll of noise {unknown}
Potions
 g - a potion of agility {unknown}
 h - 2 potions of heal wounds {@q2}
 i - a potion of restore abilities {unknown}
 q - a potion of brilliance {unknown}
 r - 2 potions of haste {unknown}
 s - a potion of poison {unknown}
Books
 b - a book of Necromancy
 f - a book of Geomancy
Comestibles
 d - a royal jelly
 t - 2 chunks of flesh

Dungeon Overview and Level Annotations

Branches:
Dungeon (3/15)

Altars:
Yredelemnul
Zin

Annotations:
D:3 Grinder

#....####.........
#.................
#######(...)....####.
#...# #.........# #...#
#.........#
#...###.........# .
#...............####..
#.....................
###........n...........
#.........5.........%
###..................
#...........#####.
###.).......#
###########


You could see Grinder.


Message History

Grinder blinks!
You can move again.
Unknown command.
Okay, then.
Grinder gestures.
Grinder blinks!
You closely miss Grinder.
Grinder is severely wounded.
Grinder gestures at you.
You barely resist. You closely miss Grinder.
Grinder is severely wounded.
Grinder gestures.
Grinder blinks!
You closely miss Grinder.
Grinder is severely wounded.
Grinder gestures at you.
You suddenly lose the ability to move!
Grinder hits you.
* * * LOW HITPOINT WARNING * * *
Grinder gestures at you.
You shrug off the repeated paralysis!
Grinder hits you but does no damage. Grinder gestures at you.
You shrug off the repeated paralysis!
Grinder hits you!
* * * LOW HITPOINT WARNING * * *
Grinder says, "Wait up."
Grinder hits you.
You die...

Action                   |  1- 3 |  4- 6 || total
-------------------------+-------+-------++-------
Melee: Unarmed           |    74 |    16 ||    90
 Cast: Pain              |    52 |       ||    52
       Vampiric Draining |       |     1 ||     1
  Use: Scroll            |       |     1 ||     1
 Stab: Sleeping          |     1 |       ||     1
  Eat: Chunk             |     6 |     1 ||     7

Vault maps used:
D:1:      minmay_arrival_three_doors, minmay_misc_feat_cross
D:2:      lemuel_round_altar, lemuel_round_altar, first_bread
D:3:      minitemple, uniq_grinder

Notes
Turn   | Place    | Note
--------------------------------------------------------------
     0 | D:1      | MarvinPA, the Ghoul Necromancer, began the quest for the Orb.
     0 | D:1      | Reached XP level 1. HP: 14/14 MP: 2/2
   177 | D:1      | Reached skill level 1 in Unarmed Combat
   328 | D:1      | Reached XP level 2. HP: 11/20 MP: 1/3
   590 | D:1      | Reached skill level 2 in Unarmed Combat
  1520 | D:2      | Found a glowing silver altar of Zin.
  1581 | D:2      | Reached XP level 3. HP: 25/25 MP: 5/5
  1818 | D:2      | Found a basalt altar of Yredelemnul.
  1829 | D:2      | Reached skill level 3 in Unarmed Combat
  1850 | D:2      | Learned a level 3 spell: Vampiric Draining
  2439 | D:3      | Reached skill level 1 in Fighting
  2439 | D:3      | Reached XP level 4. HP: 20/35 MP: 5/5
  2568 | D:3      | Noticed Grinder
  2591 | D:3      | Paralysed by Grinder for 5 turns
  2607 | D:3      | Paralysed by Grinder for 7 turns
  2612 | D:3      | HP: 3/35 [Grinder (8)]
  2613 | D:3      | Slain by Grinder

Vanquished Creatures
  2 adders
  4 giant cockroaches
  4 goblins
  3 hobgoblins
  A ball python (D:2)
  9 bats
  4 giant newts
  9 kobolds
  4 rats
40 creatures vanquished.
